 Dungeon Crawl Stone Soup version 0.24-a0-378-g94936e5 (webtiles) character file.

Game seed: 9600682675894214670

64 GEC the Skirmisher (level 4, 0/45 HPs)
             Began as an Ogre Gladiator on June 1, 2019.
             Succumbed to an adder's poison
             ... on level 2 of the Dungeon.
             The game lasted 00:03:02 (1534 turns).

GEC the Skirmisher (Ogre Gladiator)                 Turns: 1534, Time: 00:03:03

Health: 0/45       AC:  3    Str: 19    XL:     4   Next: 12%
Magic:  4/4        EV: 10    Int: 14    God:
Gold:   59         SH:  0    Dex: 10    Spells: 3/3 levels left

rFire    . . .     SeeInvis .   a - +1 flail
rCold    . . .     Gourm    .   (no shield)
rNeg     . . .     Faith    .   b - +0 robe
rPois    .         Spirit   .   c - +0 hat
rElec    .         Reflect  .   (no cloak)
rCorr    .         Harm     .   (gloves unavailable)
MR       .....                  (boots unavailable)
Stlth    +.........             (no amulet)
HPRegen  0.15/turn              (no ring)
MPRegen  0.09/turn              (no ring)

@: brilliant, lethally poisoned (0 -> -3), flying
A: large, unfitting armour, tough skin 1
a: no special abilities


You were on level 2 of the Dungeon.
You were not hungry.

You visited 1 branch of the dungeon, and saw 2 of its levels.

You collected 59 gold pieces.

Inventory:

Hand Weapons
 a - a +1 flail (weapon)
Missiles
 d - 3 throwing nets
 k - 15 stones (quivered)
 n - 2 javelins
Armour
 b - a +0 robe (worn)
 c - a +0 hat (worn)
Jewellery
 i - an uncursed ring of fire
Scrolls
 g - a scroll of enchant weapon
Comestibles
 f - 2 rations


   Skills:
 + Level 3.4 Fighting
 * Level 3.4 Maces & Flails
 + Level 2.5 Throwing
 + Level 3.1 Dodging


You had 3 spell levels left.
You didn't know any spells.
Your spell library was empty.

Dungeon Overview and Level Annotations

Branches:
Dungeon (2/15)

Altars:


Innate Abilities, Weirdness & Mutations

You are too large for most types of armour.
You have tough skin. (AC +1)


Message History

It was a potion of flight.
You feel very buoyant.
You fly up into the air.
* * * LOW HITPOINT WARNING * * *
You feel sick.
* * * LOW HITPOINT WARNING * * *
You feel sick.
As you read the scroll labeled INER CASIRR, it crumbles to dust.
It is a scroll of enchant weapon.
Your +0 flail glows red for a moment.
As you read the scroll labeled FAVUXARPH UNUE, it crumbles to dust.
You feel blessed for a moment.
It was a scroll of remove curse.
* * * LOW HITPOINT WARNING * * *
You feel sick.
Unknown command.
As you read the scroll labeled LURUFU ENYCAICW, it crumbles to dust.
The scroll dissolves into smoke.
It was a scroll of fog.
* * * LOW HITPOINT WARNING * * *
You feel sick.
You die...

#....##..........
#.....#.##........
#$.§...§#.....>$..
#..§§§§§...#+#+#..
#..§§§§§...# ..
+.§§§§§....#
#.§§§(.....#
#..........#
#.......@..#
#............#
#........(.(.#
+..(######.#...
#... #.##### #..
#.# #.# #.#


There were no monsters in sight!

Vanquished Creatures
  2 adders (D:2)
  A worm (D:2)
  2 leopard geckos
  5 giant cockroaches
  5 goblins
  4 hobgoblins
  3 jackals
  5 kobolds (D:1)
  7 bats
  2 frilled lizards
  A rat (D:2)
37 creatures vanquished.

Notes
Turn   | Place    | Note
-------+----------+-------------------------------------------
     0 | D:1      | GEC the Ogre Gladiator began the quest for the Orb.
     0 | D:1      | Reached XP level 1. HP: 22/22 MP: 1/1
   151 | D:1      | Reached XP level 2. HP: 15/29 MP: 2/2
   710 | D:1      | Reached XP level 3. HP: 36/37 MP: 3/3
  1522 | D:2      | Reached XP level 4. HP: 5/45 MP: 4/4
  1527 | D:2      | HP: 2/45 [poisoned by an adder]
  1534 | D:2      | Succumbed to an adder's poison

Levels and vault maps discovered:
D:1:      minmay_arrival_four_houses, layout_basic
D:2:      layout_basic, chequers_ecumenical_altar_grove, minmay_tromino_v4_a

Skill      XL: |  1  2  3 |
---------------+----------+-----
Fighting       | 3 |  3.4
Maces & Flails | 3 |  3.4
Dodging        | 3 |  3.1
Throwing       | |  2.5

Action                   |  1- 3 |  4- 6 || total
-------------------------+-------+-------++-------
Melee: Flail             |   121 |       ||   121
Throw: Stone             |     3 |       ||     3
       Throwing net      |     1 |       ||     1
  Use: Scroll            |       |     3 ||     3
       Potion            |       |     2 ||     2
  Eat: Chunk             |     2 |       ||     2
Armor: Robe              |    50 |       ||    50
Dodge: Dodged            |    94 |       ||    94

Table legend:
 A = Non-vault XP
 B = Vault XP
 C = Vault XP percentage of total XP
 D = Non-vault monster count
 E = Vault monster count
 F = Vault count percentage of total count
                 A         B        C        D         E       F
            +---------+---------+-------+---------+---------+-------
      Total |      86 |       6 |   6.5 |      34 |       3 |   8.1
            +---------+---------+-------+---------+---------+-------
        D:1 |      41 |       0 |   0.0 |      23 |       0 |   0.0
        D:2 |      45 |       6 |  11.8 |      11 |       3 |  21.4
            +---------+---------+-------+---------+---------+-------
